 Dungeon Crawl Stone Soup version 0.29.1-2-gbd0b4ee654 (webtiles) character file.

Game seed: 7929622753459750774

1 qeuew the Sneak (level 1, -2/9 HPs)
             Began as a Spriggan Enchanter on Nov 17, 2022.
             Slain by a quokka (4 damage)
             ... on level 1 of the Dungeon.
             The game lasted 00:00:13 (98 turns).

qeuew the Sneak (Spriggan Enchanter)                  Turns: 98, Time: 00:00:14

Health: -2/9       AC:  2    Str:  4    XL:     1   Next: 16%
Magic:  5/5        EV: 17    Int: 16    God:
Gold:   0          SH:  0    Dex: 15    Spells: 5/5 levels left

rFire   . . .      SeeInvis +   a - +1 dagger
rCold   . . .      Faith    .   (no shield)
rNeg    . . .      Spirit   .   b - +0 robe
rPois   .          Reflect  .   (helmet restricted)
rElec   .          Harm     .   (no cloak)
rCorr   .          Rampage  .   (gloves unavailable)
Will    .....                   (boots unavailable)
Stlth   +++.......              (no amulet)
HPRegen 0.03/turn               (no ring)
MPRegen 0.09/turn               (no ring)

@: very quick
A: very small, no large weapons, unfitting armour, see invisible, speed 3
a: no special abilities


You were on level 1 of the Dungeon.
You visited 1 branch of the dungeon, and saw 1 of its levels.

Inventory:

Hand Weapons
 a - a +1 dagger (weapon)
Armour
 b - a +0 robe (worn)
Scrolls
 d - a scroll of poison {unknown}
 e - a scroll of identify {unknown}
Potions
 c - 2 potions of invisibility
 f - a potion of attraction {unknown}


   Skills:
 + Level 1.1 Short Blades
 + Level 2.7 Dodging
 + Level 4.4 Stealth
 + Level 2.7 Spellcasting
 + Level 3.6 Hexes


You had 5 spell levels left.
You didn't know any spells.
Your spell library contained the following spells:

 Spells                   Type           Power      Damage    Failure   Level
 Confusing Touch          Hex            13%        N/A       13%         3
 Tukima's Dance           Hex            13%        N/A       13%         3
 Ensorcelled Hibernation  Hex/Ice        16%        N/A       14%         2
 Dazzling Flash           Conj/Hex       16%        N/A       26%         3


Dungeon Overview and Level Annotations

Branches:
Dungeon (1/15)

Altars:


Innate Abilities, Weirdness & Mutations

You are very small and have problems with some larger weapons.
You are too small for most types of armour.
You have supernaturally acute eyesight. (SInv)
You cover ground extremely quickly. (Speed+++)


Message History

You kill the quokka!
Found a scroll labelled JAODUASSIHIA.
You see here a quokka corpse.
HP restored.
e - a scroll labelled JAODUASSIHIA
f - a cyan potion No target in view!
You open the door.
A quokka comes into view.
There is an open door here.
A quokka is nearby!
You closely miss the quokka. The quokka bites you.
A quokka is nearby!
You hit the quokka.
The quokka is lightly wounded.
The quokka closely misses you.
A quokka is nearby!
You closely miss the quokka.
The quokka is lightly wounded.
The quokka closely misses you.
A quokka is nearby!
You barely miss the quokka.
The quokka is lightly wounded.
The quokka barely misses you.
A quokka is nearby!
You hit the quokka.
The quokka is moderately wounded.
The quokka closely misses you.
A quokka is nearby!
You closely miss the quokka.
The quokka is lightly wounded.
The quokka misses you.
You closely miss the quokka.
The quokka is lightly wounded.
The quokka barely misses you.
You completely miss the quokka. The quokka bites you.
* * * LOW HITPOINT WARNING * * *
You closely miss the quokka. Your punch misses the quokka.
The quokka closely misses you. The quokka bites you.
You die...

###.... .. # ......( ..
.######.... .#
#.######.. .>.####.
...#+#.#.....# #....##
.......#.....# #....
.......#.....# #....
.......#.....#######....
......r@.......##.......
......##.......##.##....
..... #.......# .##.#.#
.... #.....### ..#.#.#
... #.....# #.#.#.# .#
#.....#####.#.#..
###.#..†....#.##.
...#.###........ ###.#.#
#........


You could see a quokka.

Vanquished Creatures
  A quokka (D:1)
1 creature vanquished.

Notes
Turn   | Place    | Note
-------+----------+-------------------------------------------
     0 | D:1      | qeuew the Spriggan Enchanter began the quest for the Orb.
     0 | D:1      | Reached XP level 1. HP: 9/9 MP: 5/5
    98 | D:1      | Slain by a quokka

Illustrated notes

Levels and vault maps discovered:
D:1:      dpeg_arrival_rhombus, layout_basic,
          hellmonk_ecumenical_altar_heavens_door, minmay_pentomino_t2

Action                   || total
-------------------------++-------
Melee: Dagger            ||    21
Dodge: Dodged            ||    17
